 Dungeon Sprint DCSS version 0.30-a0-297-g0ec75d9ef4 (webtiles) character file.

Game seed: 17365787284268385454

1276 rocky1 the Unseen (level 8, 0/57 HPs)
             Began as a Kobold Brigand on Oct 19, 2022.
             Was an Initiate of Gozag.
             Slain by a two-headed ogre
             ... wielding a +0 giant club
              (11 damage)
             ... in the Dungeon (Sprint III: "The Ten Rune Challenge").
             The game lasted 00:02:49 (568 turns).

rocky1 the Unseen (Kobold Brigand)                   Turns: 568, Time: 00:02:49

Health: 0/57       AC:  4    Str:  8    XL:     8   Next: 83%
Magic:  8/8        EV: 20    Int: 12    God:    Gozag
Gold:   557        SH:  0    Dex: 19    Spells: 7/7 levels left

rFire   . . .      SeeInvis .    v - +0 rapier
rCold   . . .      Faith    .    (no shield)
rNeg    . . .      Spirit   .    l - +0 leather armour
rPois   .          Reflect  .    (no helmet)
rElec   .          Harm     .    c - +0 cloak
rCorr   .          Rampage  .    (no gloves)
Will    .....      NoTele   +    (no boots)
Stlth   +++++++...               (no amulet)
HPRegen 0.29/turn                (no ring)
MPRegen 0.11/turn                (no ring)

@: gold aura
A: small, no large weapons, nightstalker 3
a: Renounce Religion, Potion Petition, Call Merchant, Bribe Branch


You were in the Dungeon.
You worshipped Gozag.
Gozag was pleased with you.
You visited 1 branch You collected 557 gold pieces.

Inventory:

Hand Weapons
 a - a +2 dagger
 v - a +0 rapier (weapon)
 w - a +1 long sword of holy wrath
Missiles
 d - 9 poisoned darts (quivered)
 e - 3 curare-tipped darts
Armour
 b - a +0 robe
 c - a +0 cloak (worn)
 l - a +0 leather armour (worn)
Wands
 m - a wand of polymorph (13)
 t - a wand of digging (5)
Scrolls
 k - a scroll of blinking
 o - a scroll of immolation {unknown}
 p - 3 scrolls of identify
 r - a scroll of poison {unknown}
Potions
 f - a potion of curing
 g - 3 potions of heal wounds
 h - a potion of haste
 i - 2 potions of magic
 j - a potion of might
 n - 4 potions of mutation {unknown}
 q - a potion of attraction {unknown}
 s - 2 potions of flight
 u - a potion of berserk rage


   Skills:
 + Level 9.8 Fighting
 + Level 11.6 Short Blades
 - Level 3.0 Throwing
 + Level 10.3 Dodging
 + Level 15.5 Stealth


You had 7 spell levels left.
You didn't know any spells.
Your spell library contained the following spells:

 Spells                   Type           Power      Damage    Failure   Level
 Sandblast                Erth           0%         2d4       43%         1
 Sting                    Tmut/Pois      0%         1d3       43%         1
 Passwall                 Tmut/Erth      0%         N/A       58%         2
 Poisonous Vapours        Pois/Air       0%         N/A       58%         2
 Stone Arrow              Conj/Erth      0%         3d7       82%         3
 Olgreb's Toxic Radiance  Pois           0%         N/A       99%         4


Dungeon Overview and Level Annotations

Branches:
Dungeon (1/1)

Altars:
Cheibriados
Dithmenos
Elyvilon
Fedhas
Gozag
Hepliaklqana
Kikubaaqudgha
Makhleb
Nemelex Xobeh
Okawaru
Qazlal
Ru
Sif Muna
Trog
Uskayaw
Vehumet
Wu Jian
Xom
Yredelemnul
Zin
The Shining One
Jiyva
Lugonu


Innate Abilities, Weirdness & Mutations

You are small and have problems with some larger weapons.
You are completely attuned to the shadows.


Message History

You hit the two-headed ogre.
The two-headed ogre is lightly wounded.
You hit the two-headed ogre but do no damage.
The two-headed ogre is lightly wounded.
The two-headed ogre completely misses you. x2
You hit the two-headed ogre but do no damage.
The two-headed ogre is lightly wounded.
You hit the two-headed ogre.
The two-headed ogre is moderately wounded.
The two-headed ogre completely misses you.
The two-headed ogre misses you.
You puncture the two-headed ogre!
The two-headed ogre is heavily wounded.
You barely miss the two-headed ogre.
The two-headed ogre is heavily wounded.
You hit the two-headed ogre.
The two-headed ogre is heavily wounded.
The two-headed ogre completely misses you.
The two-headed ogre misses you.
You hit the two-headed ogre but do no damage.
The two-headed ogre is heavily wounded.
You hit the two-headed ogre but do no damage.
The two-headed ogre is heavily wounded.
The two-headed ogre hits you with a +0 giant club!!
* * * LOW HITPOINT WARNING * * *
The two-headed ogre misses you.
You puncture the two-headed ogre!
The two-headed ogre is severely wounded.
You barely miss the two-headed ogre.
The two-headed ogre is severely wounded.
The two-headed ogre misses you.
The two-headed ogre completely misses you.
You puncture the two-headed ogre!
The two-headed ogre is almost dead.
You hit the two-headed ogre but do no damage.
The two-headed ogre is almost dead.
The two-headed ogre barely misses you.
The two-headed ogre hits you with a +0 giant club!
You die...
Your body crumbles into a pile of gold.

#___#___#__#$ $ $
#...#__.#._#$ $$
###'#'###'##$$ $
#..........# $ $$
'.⌠........# $ $$ $
#...######'#$ $ $$$
#.⌠.#__#...#+######
#...#__#...#....#O#
#'###__#...##.#.@#
#.))#__#...'##.#.#
#___#__+...#...#..#
▓▓▓▓▓▓▓▓▓▓▓▓▓▓▓▓▓▓▓


You could see a two-headed ogre.

Vanquished Creatures
  A deep elf pyromancer (D)
  A shadow (D)
  A spatial vortex (D)
  A two-headed ogre (D)
  A water elemental (D)
  A necrophage (D)
  A jelly (D)
  Jessica (D)
  A wizard (D)
  A necromancer (D)
  3 humans (D)
  A kobold demonologist (D)
  A phantom (D)
  2 rats (D)
17 creatures vanquished.

Notes
Turn   | Place    | Note
-------+----------+-------------------------------------------
     0 | D        | rocky1 the Kobold Brigand began the quest for the Orb.
     0 | D        | Reached XP level 1. HP: 12/12 MP: 1/1
     8 | D        | Reached skill level 6 in Stealth
    25 | D        | Noticed Jessica
    28 | D        | Killed Jessica
    29 | D        | Reached skill level 9 in Stealth
    29 | D        | Reached XP level 2. HP: 18/18 MP: 2/2
    29 | D        | Reached XP level 3. HP: 22/22 MP: 3/3
   188 | D        | Reached skill level 10 in Stealth
   188 | D        | Reached XP level 4. HP: 27/27 MP: 4/4
   199 | D        | Noticed a water elemental
   202 | D        | Killed a water elemental
   203 | D        | Reached skill level 5 in Short Blades
   203 | D        | Reached skill level 11 in Stealth
   203 | D        | Reached XP level 5. HP: 33/33 MP: 5/5
   213 | D        | Noticed a shadow
   215 | D        | Killed a shadow
   216 | D        | Reached skill level 12 in Stealth
   216 | D        | Reached XP level 6. HP: 41/41 MP: 6/6
   222 | D        | Found a blossoming altar of Fedhas.
   222 | D        | Found a stormy altar of Qazlal.
   222 | D        | Found a snail-covered altar of Cheibriados.
   222 | D        | Found a burning altar of Makhleb.
   222 | D        | Found a shimmering altar of Xom.
   222 | D        | Noticed a spatial vortex
   223 | D        | Found a hazy altar of Hepliaklqana.
   223 | D        | Found an opulent altar of Gozag.
   223 | D        | Found a sparkling altar of Nemelex Xobeh.
   223 | D        | Found a corrupted altar of Lugonu.
   223 | D        | Found a viscous altar of Jiyva.
   231 | D        | Became a worshipper of Gozag Ym Sagoz the Greedy
   269 | D        | Killed a spatial vortex
   270 | D        | Reached skill level 13 in Stealth
   270 | D        | Reached XP level 7. HP: 48/48 MP: 7/7
   279 | D        | Found a basalt altar of Yredelemnul.
   279 | D        | Found a shadowy altar of Dithmenos.
   279 | D        | Found a sacrificial altar of Ru.
   296 | D        | Found a hide-covered altar of Uskayaw.
   296 | D        | Found an iron altar of Okawaru.
   296 | D        | Found a bloodstained altar of Trog.
   296 | D        | Found an ornate altar of the Wu Jian Council.
   296 | D        | Noticed a human
   297 | D        | Noticed a human
   305 | D        | Killed a human
   306 | D        | Reached skill level 14 in Stealth
   311 | D        | Killed a human
   312 | D        | Reached skill level 10 in Short Blades
   312 | D        | Reached XP level 8. HP: 52/55 MP: 8/8
   491 | D        | Found a radiant altar of Vehumet.
   491 | D        | Found a shimmering blue altar of Sif Muna.
   491 | D        | Found an ancient bone altar of Kikubaaqudgha.
   510 | D        | Found a glowing silver altar of Zin.
   510 | D        | Found a glowing golden altar of the Shining One.
   510 | D        | Found a white marble altar of Elyvilon.
   510 | D        | Noticed a deep elf pyromancer
   513 | D        | Killed a deep elf pyromancer
   514 | D        | Reached skill level 10 in Dodging
   514 | D        | Reached skill level 15 in Stealth
   568 | D        | Slain by a two-headed ogre

Illustrated notes

Levels and vault maps discovered:
D:        dungeon_sprint_mu [sprint_mu_entry_forest, sprint_mu_temple_rooms,
          sprint_mu_d1_spiders, sprint_mu_d2_genie, sprint_mu_d3_branching,
          sprint_mu_orc_legion, sprint_mu_elf_gauntlet, sprint_mu_hive_nellie,
          sprint_mu_lair_fedhas, sprint_mu_vaults_butterflies,
          sprint_mu_slime_circle, sprint_mu_swamp_cave, sprint_mu_shoals_archi,
          sprint_mu_blade_basic, sprint_mu_crypt_lich, sprint_mu_tomb_spiral,
          sprint_mu_vestibule_basic, sprint_mu_gehenna_hellfire,
          sprint_mu_dis_giant, sprint_mu_tartarus_statrot,
          sprint_mu_cocytus_islands, sprint_mu_zot1]

Skill      XL: |  1  2  3  4  5  6  7  8 |
---------------+-------------------------+-----
Stealth        | 9 10 11 12 13 14 15 | 15.5
Short Blades   | 3 5 7 8 10 11 | 11.6
Throwing       | 3 |  3.0
Fighting       | 4 6 7 8 9 |  9.8
Dodging        | 3 6 7 9 10 | 10.3

Action                   |  1- 3 |  4- 6 |  7- 9 || total
-------------------------+-------+-------+-------++-------
Melee: Dagger            |     5 |    28 |    14 ||    47
       Rapier            |       |       |    27 ||    27
  Use: Potion            |       |       |     1 ||     1
 Stab: Sleeping          |     5 |     3 |     6 ||    14
Dodge: Dodged            |       |     9 |    22 ||    31

Table legend: (Time is in decaauts)
 A = Elapsed time spent in this place.
 B = Non-inter-level travel time spent in this place.
 C = Inter-level travel time spent in this place.
 D = Time resting spent in this place.
 E = Time spent auto-exploring this place.
 F = Levels seen in this place.
 G = Mean time per level.
                   A        B        C        D        E       F      G
               +--------+--------+--------+--------+--------+-----+--------+
         Total |    549 |    549 |      0 |    265 |      1 |   1 |  549.0 |
       Dungeon |    549 |    549 |      0 |    265 |      1 |   1 |  549.0 |
               +--------+--------+--------+--------+--------+-----+--------+

Top non-repeatable levels by time:
       D: 549 daAuts
